 Dungeon Crawl Stone Soup version 0.29-a0-495-g17b79114eb (webtiles) character file.

Game seed: 1060001391982802711

555 thiole the Magician (level 7, 0/41 HPs)
             Began as an Octopode Hedge Wizard on May 27, 2022.
             Was an Initiate of Gozag.
             Slain by a gnoll
             ... wielding a +0 halberd
              (12 damage)
             ... on level 6 of the Dungeon.
             The game lasted 00:14:24 (6438 turns).

thiole the Magician (Octopode Hedge Wizard)         Turns: 6438, Time: 00:14:25

Health: 0/41       AC:  1    Str: 12    XL:     7   Next: 30%
Magic:  16/17      EV: 13    Int: 30    God:    Gozag
Gold:   149        SH:  0    Dex: 11    Spells: 16/19 levels left

rFire   . . .      SeeInvis .   s - +4 spear "Ichad" {flame, Drain rCorr Str+2}
rCold   + . .      Faith    .   (no shield)
rNeg    . . .      Spirit   .   b - +0 hat
rPois   .          Reflect  .   (no amulet)
rElec   .          Harm     .   m - ring of protection from cold
rCorr   +          Rampage  .   q - +6 ring of intelligence
Will    +....                   v - +6 ring of intelligence
Stlth   ++++......              x - ring of willpower
HPRegen 0.13/turn               (no ring)
MPRegen 0.15/turn               (no ring)
                                (no ring)
                                (no ring)

@: no status effects
A: almost no armour, amphibious, 8 rings, camouflage 1, gelatinous body 1,
(nimble swimmer 1), tentacles
a: Renounce Religion, Potion Petition, Call Merchant, Bribe Branch


You were on level 6 of the Dungeon.
You worshipped Gozag.
Gozag was aware of your devotion.
You visited 2 branches of the dungeon, and saw 7 of its levels.

You collected 211 gold pieces.
You paid 62 gold pieces to Gozag.

Inventory:

Hand Weapons
 a - a +0 dagger
 s - the +4 spear "Ichad" (weapon) {flame, Drain rCorr Str+2}
   (You found it on level 3 of the Dungeon)

   It burns those it strikes, dealing additional fire damage.
   Str:       It affects your strength (+2).
   rCorr:     It protects you from acid and corrosion.
   Drain:     It drains your maximum health when unequipped.
Missiles
 t - a throwing net
Armour
 b - a +0 hat (worn)
Jewellery
 m - a ring of protection from cold (left tentacle)
 q - a +6 ring of intelligence (right tentacle)
 v - a +6 ring of intelligence (on tentacle)
 x - a ring of willpower (on tentacle)
Scrolls
 d - 3 scrolls of teleportation
 e - 2 scrolls of noise
 f - a scroll of blinking
 i - a scroll of vulnerability
 k - a scroll of brand weapon
 l - a scroll of magic mapping {unknown}
 u - a scroll of fear
Potions
 c - a potion of magic
 h - a potion of might
 j - a potion of berserk rage
 n - a potion of mutation {unknown}
 o - a potion of flight {unknown}
 p - a potion of heal wounds {unknown}
 r - 3 potions of lignification


   Skills:
 - Level 2.0 Dodging
 - Level 5.0 Stealth
 + Level 6.8 Spellcasting
 - Level 1.0 Conjurations
 - Level 2.0 Summonings
 - Level 1.0 Translocations


You had 16 spell levels left.
You knew the following spells:

 Your Spells              Type           Power      Damage    Failure   Level
a - Magic Dart            Conj           64%        1d6       3%          1
b - Call Imp              Summ           22%        N/A       3%          2

Your spell library contained the following spells:

 Spells                   Type           Power      Damage    Failure   Level
 Summon Small Mammal      Summ           88%        N/A       2%          1
 Apportation              Tloc           32%        N/A       3%          1
 Necrotize                Necr           40%        1d6       4%          1
 Slow                     Hex            40%        N/A       4%          1
 Blink                    Tloc           32%        N/A       4%          2
 Conjure Flame            Conj/Fire      13%        6-21      12%         3
 Mephitic Cloud           Conj/Pois/Air  12%        N/A       13%         3
 Tukima's Dance           Hex            10%        N/A       14%         3
 Passage of Golubria      Tloc           16%        N/A       30%         4
 Yara's Violent Unravell  Hex/Tmut       5%         3d4       80%         5


Dungeon Overview and Level Annotations

Branches:
Dungeon (6/15)             Temple (1/1) D:5

Altars:
Ashenzari
Dithmenos
Elyvilon
Gozag
Hepliaklqana
Kikubaaqudgha
Makhleb
Nemelex Xobeh
Okawaru
Qazlal
Ru
Sif Muna
Uskayaw
Vehumet
Wu Jian

Shops:
D:4 [

Annotations:
D:5 Blork the orc, Dowan, Duvessa


Innate Abilities, Weirdness & Mutations

You cannot wear most types of armour.
You are amphibious.
You can wear up to eight rings at the same time.
Your skin changes colour to match your surroundings (Stealth+).
Your rubbery body absorbs attacks. (AC +1, EV +1)
((You are camouflaged when in or above water. (Stealth+)))
You have tentacles for arms and can constrict up to eight enemies at once.


Message History

Aim: a gnoll, wielding a +0 club (moderately wounded, 100% to hit)
The magic dart hits the gnoll but does no damage.
The gnoll is moderately wounded.
Casting: Magic Dart (safe; 3% risk of failure)
Confirm with . or Enter, or press ? or * to list all spells.
Aiming: Magic Dart (safe; 3% risk of failure)
Press: ? - help, Shift-Dir - straight line, f/p - gnoll
Aim: a gnoll, wielding a +0 club (moderately wounded, 100% to hit)
The magic dart hits the gnoll.
The gnoll is moderately wounded.
You reach to attack!
You barely miss the gnoll. You closely miss the gnoll.
Your grab misses the gnoll. The gnoll misses you.
You closely miss the gnoll. You grab the gnoll.
The gnoll is moderately wounded.
You constrict the gnoll. The gnoll hits you with a +0 club.
The gnoll hits you with a +0 flail.
You hit the gnoll. You burn the gnoll. You squeeze the gnoll.
You kill the gnoll!
The gnoll hits you with a +0 flail!
You hit the gnoll. You burn the gnoll. You grab the gnoll.
The gnoll is lightly wounded.
You constrict the gnoll. The gnoll hits you with a +0 flail!
* * * LOW HITPOINT WARNING * * *
You hit the gnoll but do no damage. You squeeze the gnoll.
The gnoll is moderately wounded.
You constrict the gnoll.
The gnoll is distracted by your dazzling golden aura.
The gnoll shouts! x2
You puncture the gnoll! You burn the gnoll.
You kill the gnoll!
A gnoll comes into view. It is wielding a +0 halberd.
Things that are here:
7 gold pieces; a +0 flail The gnoll shouts!
Blink to where?
Press: ? - help, Dir - move target
As you read the scroll of blinking, it crumbles to dust.
The gnoll hits you with a +0 halberd!
You die...
Your body crumbles into a pile of gold.

....#########
.........<.$....#
...........!$...#
g.....W.........#
...............#
#..##..###..###
#..##.W###..#
#..g....§g..#
#.@.........+
.....'...........#
######..####.###.#
#..# ### #.# #....
... #.... ....
##### .###


You could see a phantom and 2 gnolls.

Vanquished Creatures
  An ogre (D:5)
  A centaur (D:4)
  A necrophage (D:5)
  2 orc priests
  2 orc wizards
  5 gnolls
  7 adders
  An ufetubus (D:4)
  2 dart slugs
  14 orcs
  10 ball pythons
  11 endoplasms
  A giant cockroach (D:4)
  8 hobgoblins
  6 jackals
  3 quokkas (D:1)
  6 bats
  5 frilled lizards
  7 goblins
  6 kobolds
  4 rats
103 creatures vanquished.

Notes
Turn   | Place    | Note
-------+----------+-------------------------------------------
     0 | D:1      | thiole the Octopode Hedge Wizard began the quest for the
                  | Orb.
     0 | D:1      | Reached XP level 1. HP: 11/11 MP: 4/4
   561 | D:1      | Reached XP level 2. HP: 17/17 MP: 6/6
  1082 | D:1      | Reached XP level 3. HP: 9/21 MP: 4/7
  2060 | D:2      | Reached XP level 4. HP: 27/27 MP: 1/9
  2425 | D:2      | Found a faded altar of an unknown god.
  2864 | D:3      | Learned a level 2 spell: Call Imp
  3147 | D:3      | Found a shimmering blue altar of Sif Muna.
  3388 | D:3      | Identified the +4 spear "Ichad" {flame, Drain rCorr Str+2}
  3843 | D:4      | Reached skill level 4 in Spellcasting
  3850 | D:4      | Reached skill level 5 in Stealth
  3850 | D:4      | Reached XP level 5. HP: 31/31 MP: 7/11
  3865 | D:4      | Noticed a centaur
  3871 | D:4      | Killed a centaur
  3987 | D:4      | Reached skill level 5 in Spellcasting
  3987 | D:4      | Reached XP level 6. HP: 27/36 MP: 10/13
  4624 | D:4      | Found a hide-covered altar of Uskayaw.
  4624 | D:4      | Found a sacrificial altar of Ru.
  5048 | D:4      | Found Ujoicsyo's Antique Armour Shop.
  5141 | D:5      | Entered Level 5 of the Dungeon
  5247 | D:5      | Reached skill level 6 in Spellcasting
  5247 | D:5      | Reached XP level 7. HP: 28/41 MP: 14/16
  5765 | D:5      | Noticed Blork the orc
  6061 | D:5      | Found a staircase to the Ecumenical Temple.
  6070 | Temple   | Entered the Ecumenical Temple
  6110 | Temple   | Became a worshipper of Gozag Ym Sagoz the Greedy
  6166 | D:5      | Noticed Duvessa
  6167 | D:5      | Noticed Dowan
  6438 | D:6      | Slain by a gnoll

Illustrated notes

Levels and vault maps discovered:
D:1:      minmay_arrival_semitransparent, layout_basic, skrybe_limestone_x
D:2:      layout_basic, basic_ecumenical_altar
D:3:      layout_loops_corners, nicolae_sif_muna_condensation,
          amcnicky_mini_pool_small
D:4:      layout_loops_ring, gammafunk_temple_overflow_wave, serial_shops,
          kennysheep_mini
D:5:      layout_basic, minmay_temple_entry_statues_fountains, uniq_duvessa,
          uniq_blork_the_orc
D:6:      layout_gridville, uniq_sigmund, uniq_prince_ribbit1, uniq_pikel,
          uniq_maggie, uniq_crazy_yiuf_cottage
Temple:   mainiacjoe_temple_coin_purse

Skill      XL: |  1  2  3  4  5  6 |
---------------+-------------------+-----
Stealth        | 3 4 5 |  5.0
Summonings     | 2 |  2.0
Spellcasting   | 4 5 6 |  6.8
Dodging        | |  2.0
Conjurations   | |  1.0
Translocations | |  1.0

Action                   |  1- 3 |  4- 6 |  7- 9 || total
-------------------------+-------+-------+-------++-------
Melee: Dagger            |    43 |    17 |       ||    60
       Constrict         |     9 |    14 |     6 ||    29
       Tentacles         |     8 |    14 |     8 ||    30
       Spear             |       |    87 |    32 ||   119
       Punch             |       |     1 |       ||     1
 Cast: Magic Dart        |    32 |    65 |     5 ||   102
  Use: Scroll            |     1 |       |     9 ||    10
       Potion            |       |     6 |     1 ||     7
 Stab: Sleeping          |    13 |     9 |     1 ||    23
       Distracted        |       |     2 |       ||     2
Armor: Skin              |     4 |     7 |       ||    11
Dodge: Dodged            |    46 |    48 |    15 ||   109

Table legend: (Time is in decaauts)
 A = Elapsed time spent in this place.
 B = Non-inter-level travel time spent in this place.
 C = Inter-level travel time spent in this place.
 D = Time resting spent in this place.
 E = Time spent auto-exploring this place.
 F = Levels seen in this place.
 G = Mean time per level.
                   A        B        C        D        E       F      G
               +--------+--------+--------+--------+--------+-----+--------+
         Total |   6457 |   6338 |    119 |   1216 |   4111 |   7 |  922.4 |
       Dungeon |   6404 |   6297 |    107 |   1216 |   4083 |   6 | 1067.3 |
        Temple |     52 |     40 |     12 |      0 |     28 |   1 |   52.0 |
               +--------+--------+--------+--------+--------+-----+--------+

Top non-repeatable levels by time:
     D:1: 1882 daAuts
     D:4: 1614 daAuts
     D:3: 983 daAuts
     D:5: 954 daAuts
     D:2: 935 daAuts
  Temple: 52 daAuts
     D:6: 33 daAuts
